 Dungeon Crawl Stone Soup version 0.29.1-15-g9cfb28693d (webtiles) character file.

Game seed: 14799627077703027847

6601 growler the Martial Artist (level 11, -3/133 HPs)
             Began as a Merfolk Transmuter on Apr 1, 2023.
             Was a Believer of Wu Jian.
             Slain by a wraith (6 damage)
             ... on level 9 of the Dungeon.
             The game lasted 00:34:37 (10364 turns).

growler the Martial Artist (Merfolk Transmuter)    Turns: 10364, Time: 00:34:39

Health: -3/133     AC: 29    Str: 12    XL:     11   Next: 2%
Magic:  16/17      EV:  2    Int: 16    God:    Wu Jian [**....]
Gold:   574        SH:  0    Dex: 14    Spells: 8/18 levels left

rFire   . . .      SeeInvis +     - Unarmed
rCold   . . .      Faith    .   (no shield)
rNeg    . . .      Spirit   .   (body armour currently unavailable)
rPois   +          Reflect  .   (helmet currently unavailable)
rElec   .          Harm     .   (cloak currently unavailable)
rCorr   .          Rampage  .   (gloves currently unavailable)
Will    .....      NoTele   +   (boots currently unavailable)
Stlth   +.........              p - amulet of regeneration
HPRegen 1.12/turn               m - +4 ring of protection
MPRegen 0.15/turn               r - ring of see invisible

@: tree-form, slowed, studying Long Blades, very slow
A: stationary, stasis, torment immunity, boosted hp, (nimble swimmer 2),
(mertail)
a: Renounce Religion, Wall Jump


You were on level 9 of the Dungeon.
You worshipped Wu Jian.
Wu Jian was pleased with you.
You were a tree.
You visited 2 branches of the dungeon, and saw 11 of its levels.

You collected 574 gold pieces.

Inventory:

Armour
 f - a +2 cloak (melded)
 x - the +2 pair of boots "Kiamnuel" (melded) {rF+}
   (You found it on level 5 of the Dungeon)

   rF:        It protects you from fire.
 z - a +0 robe of resistance (melded)
Jewellery
 d - a ring of protection from cold
 m - a +4 ring of protection (left branch)
 p - an amulet of regeneration (around neck)
 r - a ring of see invisible (right branch)
 y - a ring of ice
 G - an amulet of magic regeneration
 I - a ring of positive energy
 J - a ring of flight
 N - a ring of resist corrosion
Wands
 t - a wand of flame (11)
 A - a wand of quicksilver (17)
 B - a wand of roots (6)
 H - a wand of charming (8)
 O - a wand of polymorph (7)
Scrolls
 e - a scroll of torment {unknown}
 j - a scroll of vulnerability {unknown}
 k - 3 scrolls of teleportation
 n - a scroll of poison {unknown}
 o - 2 scrolls of enchant armour {unknown}
 v - 2 scrolls of immolation {unknown}
 F - 2 scrolls of fog {unknown}
 L - 2 scrolls of identify
 M - a scroll of amnesia {unknown}
 Q - a scroll of magic mapping {unknown}
Potions
 a - 2 potions of brilliance {unknown}
 b - 2 potions of lignification
 c - a potion of might
 g - 2 potions of attraction
 h - 2 potions of flight
 i - 3 potions of curing
 q - 2 potions of resistance
 s - a potion of haste {unknown}
 u - a potion of degeneration {unknown}
 w - 2 potions of invisibility {unknown}
 C - a potion of berserk rage {unknown}
 D - a potion of mutation {unknown}
 E - a potion of heal wounds
 K - a potion of ambrosia {unknown}
 P - a potion of magic {unknown}


   Skills:
 + Level 9.6 Fighting
 - Level 2.6 Dodging
 + Level 13.5 Unarmed Combat
 - Level 4.0 Spellcasting
 - Level 6.0 Transmutations
 - Level 4.0 Ice Magic


You had 8 spell levels left.
You knew the following spells:

 Your Spells              Type           Power      Damage    Failure   Level
a - Beastly Appendage     Tmut           44%        N/A       1%          1
b - Wereblood             Tmut           22%        N/A       2%          2
c - Spider Form           Tmut/Pois      12%        N/A       14%         3
d - Ice Form              Ice/Tmut       19%        N/A       22%         4

Your spell library contained the following spells:

 Spells                   Type           Power      Damage    Failure   Level
 Sting                    Tmut/Pois      48%        1d5       4%          1
 Apportation              Tloc           6%         N/A       17%         1
 Ignite Poison            Fire/Tmut/Pois 9%         N/A       22%         3
 Poisonous Vapours        Pois/Air       6%         N/A       26%         2
 Static Discharge         Conj/Air       3%         3-4/arc   26%         2
 Mephitic Cloud           Conj/Pois/Air  3%         N/A       45%         3
 Alistair's Intoxication  Tmut/Pois      8%         N/A       80%         5
 Dispel Undead            Necr           3%         3d7       86%         4
 Leda's Liquefaction      Hex/Erth       1%         N/A       86%         4
 Olgreb's Toxic Radiance  Pois           3%         N/A       86%         4
 Sticky Flame             Conj/Fire      3%         2d3       86%         4
 Freezing Cloud           Conj/Ice/Air   3%         6-21      95%         5
 Lee's Rapid Deconstruct  Erth           1%         3d5*      99%         5
 Statue Form              Tmut/Erth      8%         N/A       100%        6


Dungeon Overview and Level Annotations

Branches:
Dungeon (10/15)            Temple (1/1) D:7
   Lair: D:8-11         Orc: D:9-12

Altars:
Ashenzari
Cheibriados
Dithmenos
Elyvilon
Fedhas
Gozag
Kikubaaqudgha
Makhleb
Nemelex Xobeh
Okawaru
Qazlal
Ru
Sif Muna
Trog
Uskayaw
Vehumet
Wu Jian
Yredelemnul
Zin
The Shining One

Annotations:
D:6 2 runed translucent doors, fleeber's ghost, novice DjFE


Innate Abilities, Weirdness & Mutations

You are a tree.
Your roots penetrate the ground, keeping you stationary.
You cannot be teleported.
You are immune to unholy pain and torment.
Your maximum health is greatly increased.
Your equipment is partially melded.
((You are very nimble when in or above water. (Stealth+, EV+, Speed+++)))
((Your lower body shifts to a powerful aquatic tail in water.))


Message History

The centaur is almost dead.
The troll barely misses you.
The troll claws you but does no damage. x2
The centaur hits you.
* * * LOW HITPOINT WARNING * * *
The centaur barely misses you. The troll barely misses you.
The troll closely misses you. The troll barely misses you.
The centaur hits you but does no damage.
The centaur kicks you but does no damage.
The wraith hits you but does no damage.
You spin and attack the wraith repeatedly.
You barely miss the wraith.
The wraith is lightly damaged.
You punch the wraith! You freeze the wraith.
The wraith is heavily damaged.
The centaur wields a +2 shortbow of freezing.
It is covered in frost.
The centaur shoots an arrow.
The arrow hits you.
* * * LOW HITPOINT WARNING * * *
The wraith closely misses you.
Really quaff the potion of lignification?
You warm up again.
Your +2 cloak unmelds from your body.
The +2 pair of boots "Kiamnuel" {rF+} unmelds from your body.
Your +0 robe of resistance unmelds from your body.
You feel resistant to extremes of temperature.
You turn into a tree.
Your +2 cloak melds into your body.
The +2 pair of boots "Kiamnuel" {rF+} melds into your body.
Your +0 robe of resistance melds into your body.
You feel hot and cold all over.
Your roots penetrate the ground.
The troll bites you but does no damage.
The troll claws you but does no damage. x2
The wraith hits you but does no damage. The troll barely misses you.
The troll claws you!
* * * LOW HITPOINT WARNING * * *
The troll claws you but does no damage. The wraith hits you but does no damage.
You hit the troll.
The troll is severely wounded.
The troll bites you.
* * * LOW HITPOINT WARNING * * *
The troll claws you but does no damage. x2
The orc hits you but does no damage. The wraith hits you.
You die...

#...##'###########..#####..
#.....>....................
#....o†....................
#............############..
#............# #..
#.########...# #.# #.# #c..#
#.# #.# #TW.# #.' #.# #♣o.#
#.# #.########...# #.#
#............# #.#
######.......# #.. #.......#
#.. #.......# #..
########.......############..
#............................
#...........#######).........


You could see a troll, a wraith, a centaur and an orc.

Vanquished Creatures
  Erica (D:7)
  Pikel (D:7)
  An obsidian statue (D:7)
  A troll (D:9)
  5 yaks
  4 steam dragons
  A warg (D:9)
  A water moccasin (D:6)
  A sky beast (D:8)
  3 ice beasts
  An ogre (D:4)
  2 centaurs (D:9)
  A phantom (D:6)
  3 kobold brigands
  2 lemures (D:7)
  3 bullfrogs
  3 necrophages
  4 scorpions
  13 wights
  6 howler monkeys
  2 electric eels (D:7)
  4 hounds
  3 jellies
  3 orc priests
  5 iguanas
  Terence (D:2)
  14 orc wizards
  6 adders
  A shadow imp (D:7)
  2 ufetubi
  A worm (D:5)
  7 dart slugs
  20 orcs
  6 ball pythons
  11 endoplasms
  4 giant cockroaches
  8 hobgoblins
  4 jackals (D:1)
  3 quokkas
  4 bats
  A frilled lizard (D:3)
  11 goblins
  28 kobolds
  6 rats
212 creatures vanquished.

Vanquished Creatures (others)
  A human (D:8)
1 creature vanquished.

Grand Total: 213 creatures vanquished

Notes
Turn   | Place    | Note
-------+----------+-------------------------------------------
     0 | D:1      | growler the Merfolk Transmuter began the quest for the Orb.
     0 | D:1      | Reached XP level 1. HP: 15/15 MP: 3/3
   141 | D:1      | Reached XP level 2. HP: 19/21 MP: 3/5
   168 | D:1      | Learned a level 2 spell: Wereblood
   247 | D:1      | HP: 1/21 [kobold/+0 club (3)]
   600 | D:1      | Reached XP level 3. HP: 21/26 MP: 4/6
   609 | D:1      | Learned a level 3 spell: Spider Form
  1755 | D:2      | Reached skill level 4 in Unarmed Combat
  1917 | D:2      | Reached XP level 4. HP: 19/32 MP: 3/8
  2240 | D:2      | Found a radiant altar of Vehumet.
  2448 | D:2      | Noticed Terence
  2458 | D:2      | Killed Terence
  2543 | D:2      | Reached XP level 5. HP: 33/37 MP: 7/9
  2553 | D:2      | Learned a level 4 spell: Ice Form
  2627 | D:2      | Found a faded altar of an unknown god.
  2795 | D:2      | Reached skill level 5 in Unarmed Combat
  3283 | D:3      | Found a radiant altar of Vehumet.
  3612 | D:3      | Found a burning altar of Makhleb.
  3615 | D:3      | Found a shimmering blue altar of Sif Muna.
  3618 | D:3      | Found a shadowy altar of Dithmenos.
  3621 | D:3      | Found a snail-covered altar of Cheibriados.
  3664 | D:3      | Found a bloodstained altar of Trog.
  3926 | D:4      | You fall into a shaft and drop 2 floors!
  3982 | D:6      | Reached skill level 6 in Unarmed Combat
  3982 | D:6      | Reached XP level 6. HP: 38/43 MP: 10/10
  4092 | D:6      | Noticed an ice beast
  4101 | D:6      | Killed an ice beast
  4102 | D:6      | Reached skill level 7 in Unarmed Combat
  4137 | D:6      | Noticed a water moccasin
  4160 | D:6      | Found the +6 shillelagh "Devastator" {shatter}
  4174 | D:5      | Entered Level 5 of the Dungeon
  4211 | D:5      | Identified the +2 pair of boots "Kiamnuel" {rF+}
  4273 | D:5      | Reached XP level 7. HP: 48/48 MP: 11/11
  4352 | D:5      | Reached skill level 8 in Unarmed Combat
  5124 | D:4      | Reached skill level 9 in Unarmed Combat
  5710 | D:5      | Reached XP level 8. HP: 54/54 MP: 8/12
  6036 | D:6      | Found a broken altar of Ashenzari.
  6041 | D:6      | Saw a vision of the Shoals and the Spider Nest.
  6041 | D:6      | Noticed a wind drake
  6041 | D:6      | Noticed a demonic crawler
  6041 | D:6      | Noticed a water elemental
  6041 | D:6      | Noticed an orb spider
  6041 | D:6      | Noticed a culicivora
  6041 | D:6      | Noticed a merfolk impaler
  6041 | D:6      | Noticed a water nymph
  6041 | D:6      | Noticed a culicivora
  6041 | D:6      | Noticed a moth of wrath
  6041 | D:6      | Noticed a tarantella
  6041 | D:6      | Noticed an orb spider
  6041 | D:6      | Noticed a torpor snail
  6041 | D:6      | Noticed a jumping spider
  6041 | D:6      | Noticed a wolf spider
  6042 | D:6      | Noticed a wolf spider
  6044 | D:6      | Noticed a wolf spider
  6044 | D:6      | Noticed a wolf spider
  6044 | D:6      | Noticed a steelbarb worm
  6045 | D:6      | Noticed a moth of wrath
  6047 | D:6      | Noticed a demonic crawler
  6103 | D:6      | Noticed a pharaoh ant
  6198 | D:6      | Reached skill level 10 in Unarmed Combat
  6276 | D:6      | Reached skill level 1 in Ice Magic
  6292 | D:6      | Found a runed translucent door.
  6308 | D:6      | Noticed fleeber's ghost (novice DjFE)
  6415 | D:6      | Found a runed translucent door.
  6463 | D:6      | Reached skill level 5 in Transmutations
  6788 | D:7      | Noticed Pikel
  6810 | D:7      | Killed Pikel
  6811 | D:7      | Reached XP level 9. HP: 43/65 MP: 11/15
  6851 | D:7      | Found a staircase to the Ecumenical Temple.
  6860 | Temple   | Entered the Ecumenical Temple
  7020 | Temple   | Became a worshipper of the Wu Jian Council
  7392 | D:7      | Found a blossoming altar of Fedhas.
  7445 | D:7      | Noticed an obsidian statue
  7605 | D:7      | Reached skill level 11 in Unarmed Combat
  8005 | D:7      | Noticed an ice devil
  8005 | D:7      | Noticed a smoke demon
  8005 | D:7      | Killed an obsidian statue
  8006 | D:7      | Reached skill level 5 in Fighting
  8178 | D:8      | Reached * piety under Wu Jian
  8191 | D:8      | Noticed Erica
  8197 | D:7      | Reached XP level 10. HP: 58/73 MP: 16/16
  8268 | D:7      | Killed Erica
  8269 | D:7      | Reached skill level 12 in Unarmed Combat
  8947 | D:8      | Found an ancient bone altar of Kikubaaqudgha.
  9607 | D:9      | Reached skill level 13 in Unarmed Combat
  9676 | D:9      | Found an opulent altar of Gozag.
  9754 | D:9      | Identified the +1 flail of Disharmony {flame, *Rage rElec
                  | rN+}
 10212 | D:9      | Identified the +7 falchion of Gluttony {protect, Will+
                  | Dex+5}
 10256 | D:9      | Identified the +6 hand axe of the Writhing Augurer {vorpal,
                  | rC- rN+ Str+7 Dex+3}
 10278 | D:10     | Entered Level 10 of the Dungeon
 10285 | D:10     | Reached ** piety under Wu Jian
 10286 | D:10     | Noticed a cyclops
 10298 | D:9      | Reached XP level 11. HP: 47/89 MP: 14/17
 10364 | D:9      | HP: 3/133 [troll (6)]
 10364 | D:9      | Slain by a wraith

Illustrated notes

Levels and vault maps discovered:
D:1:      evilmike_arrival_crescent, layout_basic, minmay_cut_off
D:2:      layout_loops_ring, hellmonk_ecumenical_altar_zigzags, basic_altar,
          minmay_cupped, uniq_terence
D:3:      layout_loops_cross, trog_three_pillars_becter,
          mainiacjoe_overflow_tiny_flanked, grunt_temple_overflow_cloverleaf
D:4:      layout_layer_cave
D:5:      layout_loops_ring, minmay_door_square
D:6:      layout_basic, grunt_ashenzari_visionary
          [grunt_ashenzari_visionary_shoals, grunt_ashenzari_visionary_spider],
          ebering_ghost_sewer_f
D:7:      statuecave_lemuel, layout_basic, mainiacjoe_overflow_alcove_1,
          minmay_temple_entry_statues_pillars, chequers_arboretum, uniq_pikel
D:8:      layout_basic, tgw_kikubaaqudgha, serial_bayou_pond_d, kennysheep_nub,
          uniq_erica
D:9:      layout_irregular_city, grunt_gozag_statues
D:10:     layout_small_grid, xom_butterflies, erik_lair_orcish_takeover,
          nicolae_eternal_life, minmay_st_funbox, hangedman_decor_lopped,
          grunt_ministairs_6, disabler_island
Temple:   grunt_temple_mini_profane

Skill      XL: |  1  2  3  4  5  6  7  8  9 10 |
---------------+-------------------------------+-----
Transmutations | 3 4 6 |  6.0
Unarmed Combat | 4 6 7 9 10 11 13 | 13.5
Spellcasting   | 3 4 |  4.0
Ice Magic      | 3 4 |  4.0
Fighting       | 3 6 9 |  9.6
Dodging        | |  2.6

Action                   |  1- 3 |  4- 6 |  7- 9 | 10-12 || total
-------------------------+-------+-------+-------+-------++-------
Melee: Unarmed           |   117 |   148 |   289 |   129 ||   683
       Headbutt          |    19 |    18 |    16 |       ||    53
       Punch             |     3 |     3 |     8 |       ||    14
 Cast: Beastly Appendage |    20 |    26 |    21 |       ||    67
       Spider Form       |     1 |     3 |    11 |       ||    15
       Wereblood         |     1 |     2 |     4 |     3 ||    10
       Ice Form          |       |       |     3 |    12 ||    15
Invok: Lunge             |       |       |    11 |    16 ||    27
       Whirlwind         |       |       |       |    48 ||    48
Evoke: Wand              |       |       |     2 |       ||     2
  Use: Scroll            |       |     4 |     4 |     1 ||     9
       Potion            |       |       |     1 |     3 ||     4
 Stab: Sleeping          |     1 |     1 |     2 |       ||     4
Armor: Robe              |    12 |    43 |    43 |     3 ||   101
       Skin              |       |     2 |   140 |    61 ||   203
Dodge: Dodged            |    58 |    79 |   176 |    72 ||   385
